 Dungeon Crawl Stone Soup version 0.30.1-9-gdf580d7c3d (webtiles) character file.

Game seed: 9350550363970180659

5131 Dillybarz the Cleaver (level 10, 0/89 (90) HPs)
             Began as a Minotaur Fighter on Oct 6, 2023.
             Was a Priest of Okawaru.
             Slain by Psyche
             ... wielding a +2 dagger of distortion
              (4 damage)
             ... on level 10 of the Dungeon.
             The game lasted 00:29:10 (9705 turns).

Dillybarz the Cleaver (Minotaur Fighter)            Turns: 9705, Time: 00:29:11

HP:   0/89 (90)     AC: 24    Str: 25    XL:     10   Next: 33%
MP:   11/11         EV:  7    Int:  5    God:    Okawaru [***...]
Gold: 508           SH:  6    Dex: 10    Spells: 9/9 levels left

rFire   . . .        a - +0 war axe (chaos)
rCold   . . .        c - +0 buckler
rNeg    . . .        r - +0 plate armour
rPois   .            (helmet restricted)
rElec   .            (no cloak)
rCorr   .            f - +2 pair of gloves
SInv    .            b - +2 pair of boots
Will    +....        (no amulet) Stlth
                     h - ring of willpower
HPRegen 0.34/turn    x - +4 ring of protection
MPRegen 0.12/turn

%: no passive effects
@: lightly drained
A: horns 2, retaliatory headbutt
a: Renounce Religion, Heroism


You were on level 10 of the Dungeon.
You worshipped Okawaru.
Okawaru was most pleased with you.
You visited 2 branches of the dungeon, and saw 11 of its levels.

You collected 648 gold pieces.
You spent 140 gold pieces at shops.

Inventory:

Hand Weapons
 a - a +0 war axe of chaos (weapon)
 H - a +0 broad axe
Missiles
 j - 3 atropa-tipped darts
 k - 75 stones
 l - 10 boomerangs
 y - 18 poisoned darts (quivered)
 D - a throwing net
 L - a curare-tipped dart
Armour
 b - a +2 pair of boots (worn)
 c - a +0 buckler (worn)
 f - a +2 pair of gloves (worn)
 r - a +0 plate armour (worn)
Jewellery
 h - a ring of willpower (left hand)
 x - a +4 ring of protection (right hand)
 F - a ring of resist corrosion
Wands
 p - a wand of polymorph (16)
 q - a wand of roots (18)
 s - a wand of flame (34)
 C - a wand of digging (2)
 E - a wand of light (9)
Scrolls
 e - 4 scrolls of teleportation
 m - 3 scrolls of blinking
 v - 2 scrolls of fear
 B - a scroll of fog
 J - 2 scrolls of acquirement {unknown}
 M - a scroll of identify
Potions
 d - a potion of might
 g - 3 potions of mutation
 i - a potion of magic
 n - 2 potions of flight
 o - 9 potions of curing
 t - 2 potions of berserk rage
 u - 2 potions of cancellation
 w - 2 potions of attraction
 z - 2 potions of ambrosia
 A - 6 potions of heal wounds {unknown}
 G - a potion of lignification {unknown}
 I - a potion of brilliance {unknown}
 K - a potion of invisibility {unknown}
 N - a potion of resistance {unknown}


   Skills:
 + Level 8.8 Fighting
 * Level 11.5 Axes
 + Level 8.7 Armour
 + Level 8.7 Shields
 + Level 3.7 Invocations


You had 9 spell levels left.
You didn't know any spells.
Your spell library contained the following spells:

 Spells                   Type           Power      Damage    Failure   Level
 Apportation              Tloc           0%         N/A       100%        1
 Necrotise                Necr           0%         1d4       100%        1
 Slow                     Hex            0%         N/A       100%        1
 Confusing Touch          Hex            0%         N/A       100%        3
 Dazzling Flash           Conj/Hex       0%         N/A       100%        3
 Ignite Poison            Fire/Tmut/Pois 0%         N/A       100%        3
 Vampiric Draining        Necr           0%         2d6       100%        3
 Volatile Blastmotes      Fire/Tloc      0%         2d10      100%        3
 Iskenderun's Mystic Bla  Conj/Tloc      0%         2d3       100%        4
 Sticky Flame             Conj/Fire      0%         2d3       100%        4
 Iskenderun's Battlesphe  Conj           0%         2d6       100%        5
 Iron Shot                Conj/Erth      0%         9d1       100%        6
 Starburst                Conj/Fire      0%         6d3       100%        6
 Orb of Destruction       Conj           0%         9d5       100%        7
 Ignition                 Fire           0%         3d3       100%        8
 Summon Small Mammal      Summ           Unusable   N/A       N/A         1
 Summon Guardian Golem    Hex/Summ       Unusable   N/A       N/A         3
 Spellforged Servitor     Conj/Summ      Unusable   N/A       N/A         7

Dungeon Overview and Level Annotations

Branches:
Dungeon (10/15)            Temple (1/1) D:6
   Lair: D:8-11         Orc: D:9-12

Altars:
Ashenzari
Cheibriados
Dithmenos
Elyvilon
Fedhas
Gozag
Hepliaklqana
Kikubaaqudgha
Makhleb
Nemelex Xobeh
Okawaru
Qazlal
Ru
Sif Muna
Trog
Uskayaw
Vehumet
Wu Jian
Xom
Yredelemnul
The Shining One

Shops:
D:3 *   D:5 (*(:?

Annotations:
D:10 Psyche


Innate Abilities, Weirdness & Mutations

You have a pair of horns on your head.
You reflexively headbutt those who attack you in melee.


Message History

You barely miss Psyche. Psyche hits you but does no damage.
Space warps around you! Psyche hits you but does no damage.
Space warps horribly around you!
You hit Psyche. You burn Psyche.
Psyche is lightly wounded.
Psyche gestures wildly while chanting.
A swirling arc of seething chaos appears!
The arc of chaos hits you but does no damage.
You hit Psyche. You burn Psyche. Your headbutt misses Psyche.
Psyche is lightly wounded.
Psyche hits you with a +2 dagger of distortion.
Space warps horribly around you!!
You hit Psyche but do no damage. You headbutt Psyche!
Psyche is heavily wounded.
Psyche laughs secretively.
Psyche hits you but does no damage. Space warps horribly around you!
* * * LOW HITPOINT WARNING * * *
Psyche points at you and mumbles some strange words.
You resist with almost no effort.
You barely miss Psyche. Your headbutt misses Psyche.
Psyche is heavily wounded.
Psyche gestures wildly while chanting.
Psyche flickers and vanishes!
Deactivating autopickup; reactivate with Ctrl-A.
You barely miss something.
You hit the two-headed ogre but do no damage.
The two-headed ogre hits you with a +0 giant club.
* * * LOW HITPOINT WARNING * * *
The two-headed ogre hits you with a +0 giant spiked club.
* * * LOW HITPOINT WARNING * * *
Something hits you but does no damage.
The two-headed ogre attacks as you move away!
The two-headed ogre hits you but does no damage.
You block the two-headed ogre's attack. Something hits you but does no damage.
Space warps around you.
* * * LOW HITPOINT WARNING * * *
Something hits you.
* * * LOW HITPOINT WARNING * * *
Space warps around you.
You die...

######~#######≈#.
......~~~~~≈~~≈..
.......#.........
................
.....8.8.......
##.8.....8.#
.........O.#
....##+##{.# .#.
##@#
#..#####..######
.................
#####.#.#####....
#...# .. ###.#
####.# ...
#######....#####....
....................


You could see a two-headed ogre.

Vanquished Creatures
  A cyclops (D:9)
  Sigmund (D:4)
  6 yaks (D:9)
  Menkaure (D:7)
  A steam dragon (D:7)
  Edmund (D:4)
  An acid dragon (D:8)
  Duvessa (D:4)
  3 water moccasins
  3 ice beasts
  2 sky beasts
  2 orc warriors
  A black bear (D:5)
  An ogre (D:6)
  8 centaurs
  A kobold brigand (D:9)
  2 bullfrogs
  Dowan (D:4)
  5 howler monkeys
  2 electric eels (D:7)
  2 hounds
  2 gnoll boudas
  3 orc priests
  2 jellies
  A sleepcap (D:5)
  Jessica (D:2)
  Ijyb (D:3)
  Natasha (thrice) (D:4)
  2 iguanas (D:4)
  5 orc wizards
  5 adders
  14 gnolls
  2 white imps
  An ufetubus (D:5)
  3 worms (D:4)
  A dart slug (D:1)
  20 orcs
  7 endoplasms
  3 giant cockroaches
  11 goblins
  2 hobgoblins
  4 jackals (D:4)
  2 quokkas
  9 ball pythons
  4 bats
  5 frilled lizards
  13 kobolds
  7 rats
179 creatures vanquished.

Notes
Turn   | Place    | Note
-------+----------+-------------------------------------------
     0 | D:1      | Dillybarz the Minotaur Fighter began the quest for the Orb.
     0 | D:1      | Reached XP level 1. HP: 19/19 MP: 0/0
   109 | D:1      | Reached XP level 2. HP: 27/27 MP: 1/1
   307 | D:1      | Reached skill level 3 in Axes
   669 | D:1      | Found a faded altar of an unknown god.
  1023 | D:1      | Reached XP level 3. HP: 33/33 MP: 2/2
  1418 | D:2      | Noticed Jessica
  1427 | D:2      | Killed Jessica
  2276 | D:3      | Reached XP level 4. HP: 40/40 MP: 3/3
  2570 | D:3      | Found Rymutat's Assorted Antiques.
  2689 | D:3      | Reached skill level 4 in Axes
  2767 | D:3      | Noticed Ijyb
  2801 | D:3      | Killed Ijyb
  3040 | D:4      | Noticed Natasha
  3044 | D:4      | Reached XP level 5. HP: 46/47 MP: 4/4
  3234 | D:4      | Reached skill level 5 in Axes
  3363 | D:4      | Reached XP level 6. HP: 53/55 MP: 5/5
  3379 | D:4      | Noticed Duvessa
  3380 | D:4      | Noticed Dowan
  3389 | D:4      | Killed Duvessa
  3390 | D:4      | Reached skill level 5 in Fighting
  3390 | D:4      | Reached skill level 5 in Armour
  3390 | D:4      | Reached skill level 5 in Shields
  3394 | D:4      | Killed Dowan
  3639 | D:4      | Killed Natasha
  3719 | D:4      | Noticed Sigmund
  3723 | D:4      | Reached skill level 6 in Axes
  3738 | D:4      | Reached XP level 7. HP: 49/61 MP: 6/6
  3744 | D:4      | Killed Sigmund
  3833 | D:4      | Noticed Edmund
  3842 | D:4      | Killed Edmund
  3885 | D:4      | Noticed Natasha
  3888 | D:4      | Found a hide-covered altar of Uskayaw.
  3889 | D:4      | Killed Natasha
  3896 | D:4      | Reached skill level 7 in Axes
  4227 | D:4      | Noticed Natasha
  4231 | D:4      | Killed Natasha
  4310 | D:5      | Entered Level 5 of the Dungeon
  4645 | D:5      | Reached XP level 8. HP: 70/70 MP: 7/7
  4682 | D:5      | Found Nomm's Assorted Antiques.
  4699 | D:5      | Found Ucoym's Magic Scroll Boutique.
  4746 | D:5      | Found Pexkan's Book Shop.
  4894 | D:5      | Reached skill level 8 in Axes
  5073 | D:5      | Found Tassif's Weapon Shoppe.
  5209 | D:5      | Found Tugoynau's Antique Weapon Shoppe.
  5217 | D:5      | Bought a broad axe for 140 gold pieces
  5480 | D:6      | Found a staircase to the Ecumenical Temple.
  5486 | Temple   | Entered the Ecumenical Temple
  5514 | Temple   | Became a worshipper of Warmaster Okawaru
  6012 | D:6      | Found a hazy altar of Hepliaklqana.
  6023 | D:6      | Reached skill level 9 in Axes
  6249 | D:6      | Reached * piety under Okawaru
  6769 | D:7      | Found a snail-covered altar of Cheibriados.
  6841 | D:7      | Reached XP level 9. HP: 54/79 MP: 8/8
  6966 | D:7      | Noticed Menkaure
  6972 | D:7      | Killed Menkaure
  7051 | D:7      | Found a shimmering altar of Xom.
  7197 | D:7      | Found a radiant altar of Vehumet.
  7480 | D:7      | Reached skill level 1 in Invocations
  7950 | D:7      | Identified the +7 leather armour of Neaffye Kael {Regen+
                  | Int-3 Dex+2 SInv}
  8147 | D:8      | Reached skill level 10 in Axes
  9067 | D:9      | Noticed a cyclops
  9077 | D:9      | Killed a cyclops
  9077 | D:9      | Reached ** piety under Okawaru
  9086 | D:9      | Reached XP level 10. HP: 87/89 MP: 9/11
  9101 | D:9      | Reached skill level 11 in Axes
  9486 | D:9      | Reached *** piety under Okawaru
  9588 | D:9      | Identified the +3 whip of Yfec {flame, Drain rC+ Str+4}
  9669 | D:10     | Entered Level 10 of the Dungeon
  9689 | D:10     | Noticed Psyche
  9693 | D:10     | Noticed a two-headed ogre
  9705 | D:10     | HP: 4/89 [something (6)]
  9705 | D:10     | Slain by Psyche

Illustrated notes

Levels and vault maps discovered:
D:1:      shiori_arrival_maze, layout_basic,
          shapermc_ecumenical_altar_mp_urbaneastern, minmay_door_square
D:2:      layout_basic, minmay_parallelograms, minmay_tree_intersection,
          hangedman_decor_push, nrook_uturn, uniq_jessica
D:3:      layout_basic, serial_shops, shop, supply_closet_lemuel, uniq_ijyb
D:4:      layout_loops_ring, eat_drink_and_be_merry_uskayaw,
          nicolae_grassy_gnolls, uniq_natasha, uniq_duvessa, uniq_sigmund,
          uniq_edmund
D:5:      layout_basic, serial_shops, shop, shop, nicolae_shop_rolling_square,
          shop, shop
D:6:      layout_basic, mainiacjoe_overflow_catwalk, minmay_temple_entry_ruins
D:7:      layout_layer_cave, overflow_temple_1_default, kennysheep_mini,
          mainiacjoe_overflow_small_starburst, chequers_serial_rivers_micro_a,
          serial_bayou_lagoon_a, uniq_menkaure
D:8:      layout_loops_ring
D:9:      layout_loops_ring, serial_park_tiny_1, serial_bayou_pond_a,
          dk_noncrumbling_3
D:10:     layout_irregular_city, zin_statuary, grunt_lair_entry_orc_guard_hut,
          david_orc_5, serial_shops, nicolae_shop_bloodbath_and_beyond,
          minmay_orc_keep, uniq_psyche, uniq_grum
Temple:   nicolae_temple_elliptical

Skill      XL: |  1  2  3  4  5  6  7  8  9 10 |
---------------+-------------------------------+-----
Axes           | 3 4 5 6 7 9 10 11 | 11.5
Fighting       | 4 5 6 7 8 |  8.8
Shields        | 4 5 6 7 8 |  8.7
Armour         | 4 5 6 7 8 |  8.7
Invocations    | 3 |  3.7

Action                     |  1- 3 |  4- 6 |  7- 9 | 10-12 || total
---------------------------+-------+-------+-------+-------++-------
  Melee: War axe           |    64 |   143 |   223 |    75 ||   505
         Headbutt          |     9 |    17 |    47 |    24 ||    97
  Throw: Dart              |       |       |     3 |       ||     3
 Invoke: Heroism           |       |       |     1 |       ||     1
  Evoke: Wand              |       |       |     4 |       ||     4
    Use: Scroll            |       |    10 |    10 |       ||    20
   Stab: Paralysed         |       |       |     2 |     1 ||     3
         Petrified         |       |       |       |     3 ||     3
         Confused          |       |       |       |     1 ||     1
         Petrifying        |       |       |       |     1 ||     1
 Armour: Scale mail        |    21 |       |       |       ||    21
         Plate armour      |     4 |   108 |   134 |    47 ||   293
  Dodge: Dodged            |    22 |    46 |    56 |    13 ||   137
  Block: Buckler           |    11 |    34 |    61 |    15 ||   121
